 Dungeon Crawl Stone Soup version 0.31-a0-851-g7ff8af7976 (webtiles) character file.

Game seed: 5612391182798272674

3038 retardedninja the Sneak (level 9, -4/45 HPs)
             Began as a Gargoyle Fire Elementalist on Oct 5, 2023.
             Was a Believer of Vehumet.
             Engulfed by a steam dragon's steam (8 damage)
             ... on level 8 of the Dungeon.
             The game lasted 00:15:06 (11190 turns).

retardedninja the Sneak (GrFE)                     Turns: 11190, Time: 00:15:07

Health: -4/45      AC: 14    Str: 11    XL:     9   Next: 86%
Magic:  6/17       EV: 13    Int: 21    God:    Vehumet [**....]
Gold:   361        SH:  0    Dex: 10    Spells: 16/19 levels left

rFire   . . .        p - +1 dire flail
rCold   + . .        (shield currently unavailable)
rNeg    + . .        a - +1 robe
rPois   ∞            c - +0 helmet
rElec   +            i - +1 cloak {Stlth+}
rCorr   .            m - +0 pair of gloves
SInv    .            d - +0 pair of boots
Will    .....        (no amulet)
Stlth   ++++         t - ring of protection from cold
HPRegen 0.27/turn    (no ring)
MPRegen 0.15/turn

%: no passive effects
@: no status effects
A: sickness immunity, AC +6, negative energy resistance 1, electricity
resistance, torment resistance 1, petrification resistance
a: Renounce Religion


You were on level 8 of the Dungeon.
You worshipped Vehumet.
Vehumet was pleased with you.
You visited 2 branches of the dungeon, and saw 9 of its levels.

You collected 361 gold pieces.

Inventory:

Hand Weapons
 p - a +1 dire flail (weapon)
Armour
 a - a +1 robe (worn)
 c - a +0 helmet (worn)
 d - a +0 pair of boots (worn)
 i - a +1 cloak of stealth (worn)
 m - a +0 pair of gloves (worn)
Jewellery
 f - an amulet of the acrobat
 t - a ring of protection from cold (left hand)
 v - an amulet of regeneration
 x - a ring of protection from cold
 y - an amulet of the acrobat
Wands
 h - a wand of polymorph (4)
 j - a wand of quicksilver (5)
 o - a wand of digging (6)
 A - a wand of flame (19)
Scrolls
 e - a scroll of identify
 g - 3 scrolls of poison
 k - 2 scrolls of immolation
 l - 4 scrolls of teleportation
 n - a scroll of fog
 q - a scroll of amnesia
 r - a scroll of brand weapon {unknown}
 u - a scroll of vulnerability {unknown}
 B - a scroll of noise {unknown}
Potions
 b - a potion of magic
 s - a potion of enlightenment {unknown}
 w - a potion of heal wounds {unknown}
 z - a potion of mutation {unknown}


   Skills:
 + Level 5.2 Dodging
 + Level 7.4 Stealth
 + Level 5.7 Spellcasting
 + Level 6.5 Conjurations
 + Level 6.7 Fire Magic


You had 16 spell levels left.
You knew the following spells:

 Your Spells              Type           Power      Damage    Failure   Level
a - Foxfire               Conj/Fire      100%       2x1d9     1%          1
b - Scorch                Fire           68%        2d7       1%          2

Your spell library contained the following spells:

 Spells                   Type           Power      Damage    Failure   Level
 Magic Dart               Conj           100%       1d8       1%          1
 Flame Wave               Conj/Fire      34%        2d10      6%          4
 Inner Flame              Hex/Fire       20%        N/A       8%          3
 Stone Arrow              Conj/Erth      38%        3d9       8%          3
 Volatile Blastmotes      Fire/Tloc      40%        2d13      8%          3
 Summon Small Mammal      Summ           24%        N/A       10%         1
 Mephitic Cloud           Conj/Pois/Air  15%        N/A       12%         3
 Lesser Beckoning         Tloc           12%        N/A       16%         2
 Poisonous Vapours        Pois/Air       12%        N/A       16%         2
 Call Canine Familiar     Summ           6%         N/A       30%         3
 Frozen Ramparts          Ice            12%        1d2       30%         3
 Gell's Gravitas          Tloc           6%         N/A       30%         3
 Summon Guardian Golem    Hex/Summ       6%         N/A       30%         3
 Teleport Other           Tloc           6%         N/A       30%         3
 Anguish                  Hex/Necr       3%         N/A       69%         4
 Animate Armour           Summ/Erth      12%        N/A       69%         4
 Cause Fear               Hex            3%         N/A       69%         4
 Petrify                  Tmut/Erth      6%         N/A       69%         4
 Freezing Cloud           Conj/Ice/Air   7%         6-21      75%         5
 Metabolic Englaciation   Hex/Ice        3%         N/A       95%         5
 Enfeeble                 Hex            3%         N/A       100%        7
 Lehudib's Crystal Spear  Conj/Erth      9%         10d4      100%        8


Dungeon Overview and Level Annotations

Branches:
Dungeon (8/15)             Temple (1/1) D:4
   Lair: D:8-11

Altars:
Ashenzari
Cheibriados
Dithmenos
Elyvilon
Fedhas
Gozag
Hepliaklqana
Kikubaaqudgha
Makhleb
Okawaru
Qazlal
Ru
Trog
Uskayaw
Vehumet
Wu Jian
Xom
Yredelemnul
Zin
The Shining One

Annotations:
D:5 2 transporters, retardedninja's ghost, novice GrFE
Temple 2 transporters


Innate Abilities, Weirdness & Mutations

You are immune to sickness and miasma.
Your stone body is resilient. (AC +6)
You are immune to poison.
You resist negative energy. (rN+)
You are resistant to electric shocks. (rElec)
You are resistant to unholy torment.
You are immune to petrification.


Message History

Press: ? - help, Q - select action, (/) - cycle Shift-Dir - straight line, f/p - two-headed ogre
Aim: a two-headed ogre, wielding two +0 giant clubs (lightly wounded, 86% to hit)
The bolt of dispelling energy hits the two-headed ogre!
The two-headed ogre is moderately wounded.
Casting: Foxfire (safe; 1% risk of failure)
Confirm with . or Enter, or press ? or * to list all spells.
Flames lash the two-headed ogre.
The two-headed ogre is moderately wounded.
The two-headed ogre's fire resistance burns away.
The two-headed ogre closely misses you.
The two-headed ogre hits you with a +0 giant club.
Casting: Scorch (safe; 1% risk of failure)
Confirm with . or Enter, or press ? or * to list all spells.
Flames lash the two-headed ogre.
The two-headed ogre is burned terribly!
The two-headed ogre is heavily wounded.
Unknown command.
Casting: Scorch (safe; 1% risk of failure)
Confirm with . or Enter, or press ? or * to list all spells.
Flames lash the two-headed ogre.
The two-headed ogre is burned terribly!
The two-headed ogre is severely wounded.
The two-headed ogre closely misses you.
The two-headed ogre hits you with a +0 giant club.
The steam dragon breathes steam at you. The ball of steam hits you!
Casting: Scorch (safe; 1% risk of failure)
Confirm with . or Enter, or press ? or * to list all spells.
Flames lash the steam dragon.
The steam dragon is moderately wounded.
The steam dragon's fire resistance burns away.
You are engulfed in a cloud of scalding steam.
The steam dragon barely misses you. x2
The two-headed ogre hits you with a +0 giant club!!
The two-headed ogre hits you with a +0 giant club!
* * * LOW HITPOINT WARNING * * *
Casting: Scorch (safe; 1% risk of failure)
Confirm with . or Enter, or press ? or * to list all spells.
Flames lash the two-headed ogre.
The two-headed ogre is burned terribly!
The two-headed ogre is almost dead.
You are engulfed in a cloud of scalding steam.
You die...

#.........##...........^.##
..........##......#.....##
......######..#.#.#######
...##...##....#...#
......)..#.#.##..##
......[[.....##..#
......[.....###..#####
.............##......#
................@....#
#######+#######DO....# #
#......# # #.$....# #
#.#....# # #.#....# #
#.#....# # #. ##### +


You could see a two-headed ogre (combustible) and a steam dragon (catching
breath, combustible).

Vanquished Creatures
  3 steam dragons
  A water moccasin (D:5)
  2 ice beasts (D:7)
  An orc warrior (D:6)
  A black bear (D:4)
  A sky beast (D:7)
  An ogre (D:6)
  2 centaurs
  A phantom (D:5)
  2 kobold brigands
  3 bullfrogs
  3 scorpions
  4 killer bees (D:8)
  A crimson imp (D:3)
  3 hounds
  4 sleepcaps
  2 jellies
  3 orc priests
  Terence (D:3)
  5 iguanas
  11 orc wizards
  Robin (D:3)
  8 adders
  2 shadow imps
  3 white imps
  An ufetubus (D:5)
  A worm (D:3)
  3 dart slugs
  17 orcs
  8 endoplasms
  7 giant cockroaches
  16 goblins
  10 hobgoblins
  4 jackals (D:1)
  6 ball pythons
  4 bats
  3 frilled lizards
  18 kobolds
  9 rats
176 creatures vanquished.

Vanquished Creatures (collateral kills)
  2 foxfires (D:4)
2 creatures vanquished.

Vanquished Creatures (others)
  An orc (D:6)
  779 foxfires
780 creatures vanquished.

Grand Total: 958 creatures vanquished

Notes
Turn   | Place    | Note
-------+----------+-------------------------------------------
     0 | D:1      | retardedninja the Gargoyle Fire Elementalist began the
                  | quest for the Orb.
     0 | D:1      | Reached XP level 1. HP: 10/10 MP: 3/3
   316 | D:1      | Reached XP level 2. HP: 6/15 MP: 0/5
   501 | D:1      | You fall into a shaft and drop 1 floor!
   775 | D:2      | Reached XP level 3. HP: 19/19 MP: 2/6
  1414 | D:2      | Reached skill level 3 in Stealth
  1414 | D:2      | Reached XP level 4. HP: 24/24 MP: 3/7
  2931 | D:3      | Noticed Robin
  2941 | D:3      | Killed Robin
  2942 | D:3      | Reached XP level 5. HP: 24/28 MP: 0/9
  3344 | D:3      | Noticed Terence
  3362 | D:3      | Killed Terence
  3379 | D:3      | Learned a level 2 spell: Scorch
  3521 | D:3      | Noticed a centaur
  3530 | D:3      | Killed a centaur
  3531 | D:3      | Reached XP level 6. HP: 9/32 MP: 2/10
  3876 | D:3      | Found a burning altar of Makhleb.
  3876 | D:3      | Found a shimmering altar of Xom.
  4062 | D:4      | Reached skill level 4 in Stealth
  4423 | D:4      | Noticed a black bear
  4429 | D:4      | Killed a black bear
  4430 | D:4      | Reached XP level 7. HP: 36/36 MP: 4/12
  5543 | D:4      | Found a staircase to the Ecumenical Temple.
  5595 | Temple   | Found a transporter.
  5595 | Temple   | Found a transporter.
  5595 | Temple   | Found a transporter.
  5595 | Temple   | Found a transporter.
  5595 | Temple   | Entered the Ecumenical Temple
  5614 | Temple   | Became a worshipper of Vehumet
  5958 | D:4      | Found a white marble altar of Elyvilon.
  6249 | D:5      | Entered Level 5 of the Dungeon
  6250 | D:5      | Found a transporter.
  6250 | D:5      | Noticed retardedninja's ghost (novice GrFE)
  6460 | D:5      | Noticed a steam dragon
  6466 | D:5      | Killed a steam dragon
  6467 | D:5      | Reached skill level 5 in Stealth
  6798 | D:5      | Reached XP level 8. HP: 33/41 MP: 2/14
  7010 | D:5      | Reached skill level 5 in Fire Magic
  7483 | D:5      | Found a transporter.
  7874 | D:6      | Reached skill level 5 in Conjurations
  8021 | D:6      | Reached skill level 6 in Stealth
  8178 | D:6      | Reached XP level 9. HP: 30/45 MP: 4/16
  8289 | D:6      | Reached * piety under Vehumet
  8289 | D:6      | Offered knowledge of Kiss of Death by Vehumet.
  8358 | D:6      | Reached skill level 5 in Spellcasting
  9500 | D:7      | Reached skill level 7 in Stealth
  9671 | D:7      | Reached skill level 5 in Dodging
 10377 | D:8      | Offered knowledge of Magic Dart by Vehumet.
 10687 | D:8      | Reached ** piety under Vehumet
 11179 | D:8      | Noticed a two-headed ogre
 11190 | D:8      | Engulfed by a steam dragon's steam

Illustrated notes

Levels and vault maps discovered:
D:1:      onia_arrival_handbag, layout_rooms, grunt_decor_mini_mirrors,
          st_stairs_9, minmay_tetromino_o2
D:2:      layout_basic, chequers_serial_rivers_micro_b, mrwooster_statue_mirror
D:3:      layout_basic, grunt_temple_overflow_champion_of_chaos, uniq_terence,
          uniq_robin
D:4:      layout_loops_cross, nicolae_elyvilon_temple_path,
          minmay_temple_entry_glassed_door, fountainhead
D:5:      layout_loops_cross, gammafunk_ghost_arena
D:6:      layout_basic
D:7:      layout_loops_ring
D:8:      layout_rooms, minmay_door_square, kb_lookout_dungeons_type,
          minmay_quadrilaterals
Temple:   hellmonk_temple_divided_pantheon

Skill      XL: |  1  2  3  4  5  6  7  8  9 |
---------------+----------------------------+-----
Dodging        | 2 3 4 5 |  5.2
Stealth        | 3 4 5 6 7 |  7.4
Conjurations   | 2 3 4 5 6 |  6.5
Spellcasting   | 3 4 5 |  5.7
Fire Magic     | 4 5 6 |  6.7

Action                     |  1- 3 |  4- 6 |  7- 9 || total
---------------------------+-------+-------+-------++-------
  Melee: Mace              |    11 |    25 |    18 ||    54
         Dire flail        |       |       |     7 ||     7
   Cast: Foxfire           |    80 |   154 |   250 ||   484
         Scorch            |       |     5 |    92 ||    97
  Evoke: Wand              |       |       |     9 ||     9
    Use: Scroll            |       |     5 |    10 ||    15
         Potion            |       |     1 |     3 ||     4
 Armour: Robe              |    18 |    45 |   140 ||   203
  Dodge: Dodged            |    19 |    53 |   169 ||   241

Table legend: (Time is in decaauts)
 A = Elapsed time spent in this place.
 B = Non-inter-level travel time spent in this place.
 C = Inter-level travel time spent in this place.
 D = Time resting spent in this place.
 E = Time spent auto-exploring this place.
 F = Levels seen in this place.
 G = Mean time per level.
                   A        B        C        D        E       F      G
               +--------+--------+--------+--------+--------+-----+--------+
         Total |  11210 |  11102 |    108 |   2313 |   6975 |   9 | 1245.6 |
       Dungeon |  11178 |  11077 |    101 |   2313 |   6975 |   8 | 1397.2 |
        Temple |     31 |     24 |      7 |      0 |      0 |   1 |   31.0 |
               +--------+--------+--------+--------+--------+-----+--------+

Top non-repeatable levels by time:
     D:3: 1984 daAuts
     D:1: 1476 daAuts
     D:6: 1413 daAuts
     D:7: 1410 daAuts
     D:2: 1390 daAuts
     D:4: 1375 daAuts
     D:5: 1268 daAuts
     D:8: 860 daAuts
  Temple: 31 daAuts
